 Dungeon Crawl Stone Soup version 0.31-a0-1626-g5cb510d322 (webtiles) character file.

Game seed: 9778931499817544482

533 Laraso the Shooter (level 7, 38/52 HPs)
             Began as a Red Draconian Hexslinger on Jan 13, 2024.
             Quit the game on level 4 of the Dungeon.
             The game lasted 00:04:14 (2937 turns).

Laraso the Shooter (Red Draconian Hexslinger)       Turns: 2937, Time: 00:04:15

Health: 38/52      AC:  6    Str: 10    XL:     7   Next: 4%
Magic:  8/8        EV: 12    Int: 14    God:
Gold:   177        SH:  0    Dex: 15    Spells: 6/8 levels left

rFire   + . .        a - +1 sling
rCold   . . .        (no shield)
rNeg    . . .        (body armour unavailable)
rPois   .            (helmet restricted)
rElec   .            (no cloak)
rCorr   +            (no gloves)
SInv    .            (no boots)
Will    .....        i - amulet of magic regeneration
Stlth   +            f - ring of resist corrosion
HPRegen 0.28/turn    (no ring)
MPRegen 0.51/turn

%: no passive effects
@: weak-willed
A: breathe fire, AC +6, unfitting armour, fire resistance 1, cold-blooded
a: Breathe Fire


You were on level 4 of the Dungeon.
You visited 1 branch of the dungeon, and saw 4 of its levels.

You collected 177 gold pieces.

Inventory:

Hand Weapons
 a - a +1 sling (weapon)
Jewellery
 f - a ring of resist corrosion (left hand)
 i - an amulet of magic regeneration (around neck)
Scrolls
 b - 2 scrolls of poison
 c - a scroll of enchant weapon {unknown}
 g - a scroll of brand weapon
 j - a scroll of vulnerability {unknown}
 l - a scroll of teleportation {unknown}
Potions
 d - a potion of attraction {unknown}
 e - a potion of resistance {unknown}
 h - a potion of lignification
 k - a potion of berserk rage {unknown}


   Skills:
 - Level 1.1 Fighting
 * Level 6.4 Ranged Weapons
 - Level 1.7 Dodging
 - Level 1.0 Spellcasting
 - Level 4.0 Hexes
 - Level 1.2 Fire Magic


You had 6 spell levels left.
You knew the following spells:

 Your Spells              Type           Power      Damage    Failure   Level
a - Jinxbite              Hex            22%        N/A       8%          2

Your spell library contained the following spells:

 Spells                   Type           Power      Damage    Failure   Level
 Sigil of Binding         Hex            11%        N/A       16%         3
 Freeze                   Ice            0%         1d3       26%         1
 Inner Flame              Hex/Fire       8%         N/A       26%         3
 Call Imp                 Summ           0%         N/A       36%         2
 Sublimation of Blood     Necr           0%         N/A       36%         2
 Cause Fear               Hex            5%         N/A       45%         4
 Frozen Ramparts          Ice            0%         1d1       61%         3
 Hailstorm                Conj/Ice       0%         3d5       61%         3
 Dimensional Bullseye     Hex/Tloc       3%         N/A       75%         4
 Summon Hydra             Summ           0%         N/A       100%        7


Dungeon Overview and Level Annotations

Branches:
Dungeon (4/15)
 Temple: D:4-7

Altars:
Makhleb
Vehumet
Xom

Annotations:
D:4 Menkaure


Innate Abilities, Weirdness & Mutations

You can breathe blasts of fire.
Your fiery red scales are hard. (AC +6)
You cannot fit into any form of body armour.
Your flesh is heat resistant. (rF+)
You are cold-blooded and may be slowed by cold attacks.


Message History

The hound barely misses you.
You shoot a sling bullet. The sling bullet hits the hound!
The hound is severely wounded.
The hound bites you but does no damage. x2
You shoot a sling bullet.
The sling bullet closely misses the hound.
The sling bullet hits the kobold but does no damage.
The kobold is moderately wounded.
The hound seems less drained.
The hound bites you. x2
The hound attacks as it pursues you! The hound bites you but does no damage.
Casting: Jinxbite (safe; 8% risk of failure)
Confirm with . or Enter, or press ? or * to list all spells.
You beckon more vexing sprites to accompany your attacks.
You feel your willpower being sapped. The hound bites you.
The hound bites you but does no damage.
You shoot a sling bullet.
The sling bullet hits the hound but does no damage.
The hound is heavily wounded.
A giggling sprite leaps out and makes the hound trip over its own paws.
The hound is severely wounded.
The hound bites you.
You shoot a sling bullet. The sling bullet hits the hound!
You kill the hound!
The jelly hits you but does no damage.
You shoot a sling bullet. The sling bullet hits the jelly.
The jelly is moderately wounded.
A giggling sprite leaps out and smacks the jelly with its own pseudopod.
The jelly is heavily wounded.
The jelly hits you but does no damage.
You shoot a sling bullet. The sling bullet hits the jelly.
The jelly is almost dead.
A giggling sprite leaps out and makes the jelly trip over its own pseudopods.
You kill the jelly!
The jinxing sprites lose interest in you.
You have reached level 7!
Your scales start taking on a fiery red colour.
You learn Fire Magic much quicker.
You learn Ice Magic much slower.
You can breathe blasts of fire.
You feel resistant to heat.
Are you sure you want to abandon this character and quit the game? (Confirm with "yes".)

#.# #.#
#.######...
#..<)†.....
#.######.#.#
#.# .#.# # #.#
.#.#.# #.#####
.....## #..@K.#
..#(?..
#.###.##....#
#..........####
####....>......
##.##.####.)
### ... .....
...)... .######


You could see a kobold.

Vanquished Creatures
  Sigmund (D:2)
  A bombardier beetle (D:4)
  A hound (D:4)
  A jelly (D:4)
  Jessica (D:3)
  An orc wizard (D:3)
  Robin (D:3)
  8 gnolls
  5 adders
  2 dart slugs (D:2)
  5 ribbon worms
  3 orcs
  10 ball pythons
  3 bats
  5 endoplasms
  A giant cockroach (D:3)
  13 goblins
  5 hobgoblins
  2 jackals (D:4)
  4 kobolds
  3 frilled lizards
  2 rats (D:2)
78 creatures vanquished.

Notes
Turn   | Place    | Note
-------+----------+-------------------------------------------
     0 | D:1      | Laraso the Draconian Hexslinger began the quest for the
                  | Orb.
     0 | D:1      | Reached XP level 1. HP: 16/16 MP: 2/2
    34 | D:1      | You fall into a shaft and drop 1 floor!
    71 | D:2      | Reached skill level 2 in Ranged Weapons
    71 | D:2      | Reached XP level 2. HP: 23/23 MP: 3/3
    76 | D:2      | Learned a level 2 spell: Jinxbite
   123 | D:2      | Reached XP level 3. HP: 21/28 MP: 1/4
   300 | D:2      | Reached skill level 3 in Ranged Weapons
   377 | D:2      | Found a faded altar of an unknown god.
   430 | D:2      | Noticed Sigmund
   967 | D:2      | Killed Sigmund
   968 | D:2      | Reached skill level 4 in Ranged Weapons
   968 | D:2      | Reached XP level 4. HP: 25/35 MP: 5/5
   968 | D:2      | Reached XP level 5. HP: 29/40 MP: 6/6
  1392 | D:3      | Found a radiant altar of Vehumet.
  1547 | D:3      | Found a shimmering altar of Xom.
  1850 | D:3      | Reached skill level 5 in Ranged Weapons
  1850 | D:3      | Reached XP level 6. HP: 18/47 MP: 7/7
  2104 | D:3      | Noticed Jessica
  2111 | D:3      | Killed Jessica
  2208 | D:3      | Found a burning altar of Makhleb.
  2285 | D:3      | Noticed Robin
  2305 | D:3      | Killed Robin
  2779 | D:4      | Reached skill level 6 in Ranged Weapons
  2799 | D:4      | Noticed Menkaure
  2937 | D:4      | Your scales start taking on a fiery red colour.
  2937 | D:4      | Reached XP level 7. HP: 38/52 MP: 8/8
  2937 | D:4      | Gained mutation: Your flesh is heat resistant. (rF+) [Red
                  | Draconian growth]
  2937 | D:4      | Quit the game

Illustrated notes

Levels and vault maps discovered:
D:1:      nicolae_arrival_somewhat_less_tricky_arrival, layout_rooms
D:2:      layout_loops_ring, dreamdust_ecumenical_altar_statues, uniq_sigmund
D:3:      layout_basic, nicolae_vehumet_radiance,
          regret_index_xom_buried_treasure, mainiacjoe_overflow_alcove_2,
          dreamdust_wishing_well, uniq_jessica, uniq_robin
D:4:      layout_loops_ring, uniq_menkaure

Skill      XL: |  1  2  3  4  5  6 |
---------------+-------------------+-----
Ranged Weapons | 2 4 5 6 |  6.4
Hexes          | 3 4 |  4.0
Fighting       | |  1.1
Dodging        | |  1.7
Spellcasting   | |  1.0
Fire Magic     | |  1.2

Action                     |  1- 3 |  4- 6 |  7- 9 || total
---------------------------+-------+-------+-------++-------
  Melee: Sling             |     2 |       |       ||     2
   Fire: Sling             |    85 |   161 |       ||   246
   Cast: Jinxbite          |     9 |    25 |       ||    34
    Use: Potion            |     4 |       |       ||     4
         Scroll            |       |     2 |       ||     2
 Armour: Skin              |    34 |    78 |       ||   112
  Dodge: Dodged            |    33 |    49 |       ||    82

Table legend: (Time is in decaauts)
 A = Elapsed time spent in this place.
 B = Non-inter-level travel time spent in this place.
 C = Inter-level travel time spent in this place.
 D = Time resting spent in this place.
 E = Time spent auto-exploring this place.
 F = Levels seen in this place.
 G = Mean time per level.
                   A        B        C        D        E       F      G
               +--------+--------+--------+--------+--------+-----+--------+
         Total |   2984 |   2839 |    145 |    403 |   1805 |   4 |  746.0 |
       Dungeon |   2984 |   2839 |    145 |    403 |   1805 |   4 |  746.0 |
               +--------+--------+--------+--------+--------+-----+--------+

Top non-repeatable levels by time:
     D:3: 1229 daAuts
     D:2: 902 daAuts
     D:1: 515 daAuts
     D:4: 336 daAuts
